Map: Ley Lines

Players

Harstem - Winner!

  • Race: Protoss Protoss
  • League: Grandmaster
  • Spawn Location: 7:00

Kelazhur

  • Race: Terran Terran
  • League: Master
  • Spawn Location: 1:00

Event: HomeStory Cup XXVII

VOD

Have the link to the VOD?

Description

Time

  • Played on: June 28, 2025, 11:46 a.m.
  • Length: 8:09

All games in this series

Show
View Real Time Build Order
Export as new Build Order

Harstem Protoss - Winner!

Build Orders: 1 Gate Expand, Phoenix Opening 

Get SALT Encoding   

  12  0:00  Probe  
  13  0:12  Probe  
  14  0:16  Pylon  
  14  0:23  Probe  
  15  0:31  Probe  
  15  0:35  Gateway  
  15  0:40  Probe  
  16  0:46  Assimilator  
  17  0:51  Probe  
  18  1:03  Probe  
  19  1:15  Probe  
  20  1:21  Nexus  
  20  1:31  Cybernetics Core  
  20  1:34  Probe  
  20  1:39  Assimilator  
  21  1:46  Probe  
  22  1:49  Pylon  
  22  1:55  Stalker  
  22  1:58  Probe  
  23  2:08  Warp Gate  
  25  2:10  Probe  
  25  2:15  Shield Battery  
  26  2:19  Probe  
  27  2:24  Sentry  
  27  2:27  Probe  
  29  2:33  Probe  
  29  2:36  Probe  
  31  2:41  Twilight Council  
  32  2:45  Probe  
  32  2:48  Probe  
  34  2:55  Gateway  
  34  2:57  Probe  
  35  3:00  Probe, Stalker  
  35  3:04  Phoenix  
  38  3:09  Probe  
  39  3:13  Probe  
  39  3:18  Charge  
  40  3:21  Gateway, Probe  
  40  3:25  Probe  
  42  3:29  Pylon  
  42  3:34  Phoenix, Probe  
  43  3:37  Probe  
  44  3:46  Nexus  
  44  3:48  Probe  
  45  3:49  Probe  
  46  3:56  Stalker  
  46  3:58  Stalker  
  50  4:02  Pylon  
  50  4:03  Probe  
  50  4:08  Probe  
  52  4:12  Assimilator  
  52  4:15  Probe  
  53  4:20  Probe  
  53  4:21  Pylon  
  53  4:22  Phoenix  
  54  4:26  Stalker x2  
  54  4:27  Zealot  
  54  4:29  Assimilator  
  60  4:32  Pylon, Probe  
  61  4:39  Probe  
  61  4:40  Templar Archives  
  61  4:44  Probe  
  63  4:51  Probe  
  63  4:52  Zealot x2  
  68  4:54  Zealot  
  68  4:55  Probe  
  68  4:59  Probe  
  72  5:02  Gateway  
  72  5:03  Probe x2  
  72  5:05  Psionic Storm  
  73  5:08  Probe  
  73  5:11  Phoenix, Probe  
  75  5:15  Probe  
  75  5:17  Probe  
  78  5:23  Probe  
  78  5:24  High Templar  
  78  5:27  Probe  
  82  5:30  Robotics Facility  
  82  5:35  Probe  
  82  5:41  Probe  
  84  5:44  Probe  
  84  5:48  Gateway, Probe  
  86  5:50  Pylon, Gateway  
  86  5:51  Blink, High Templar  
  90  6:00  Pylon  
  90  6:02  High Templar  
  90  6:04  Zealot  
  92  6:08  Nexus  
  92  6:15  Zealot  
  94  6:19  Pylon  
  94  6:23  Zealot  
  94  6:24  Probe  
  97  6:27  Pylon  
  97  6:30  Pylon, Zealot  
  97  6:32  Pylon  
  91  6:36  Zealot x2  
  93  6:44  Zealot x2  
  93  6:45  Zealot  
  99  6:48  Probe  
  99  6:50  Pylon  
  99  6:53  Zealot  
  102  6:54  Probe  
  102  6:56  Pylon  
  103  7:02  Zealot x2  
  103  7:05  Probe  
  108  7:13  High Templar  
  108  7:14  High Templar  
  112  7:18  Zealot x2  
  112  7:21  Nexus  
  115  7:29  Zealot x2  
  113  7:40  High Templar  
  113  7:41  Zealot  
  98  8:01  Zealot x5  
  98  8:05  Forge  
  108  8:07  Forge  
Show
View Real Time Build Order
Export as new Build Order

Kelazhur Terran 

Build Orders: Reaper Expand 

Get SALT Encoding   

  12  0:00  SCV  
  13  0:12  SCV  
  14  0:16  Supply Depot  
  14  0:24  SCV  
  15  0:38  SCV  
  15  0:39  Barracks  
  16  0:42  Refinery  
  16  0:50  SCV  
  17  1:02  SCV  
  18  1:14  SCV  
  19  1:27  Orbital Command, Reaper  
  20  1:38  Command Center  
  20  1:45  Supply Depot  
  20  1:52  SCV  
  21  1:59  Marine  
  22  2:04  SCV  
  22  2:05  Factory  
  23  2:14  Bunker  
  23  2:16  SCV  
  23  2:22  Barracks Reactor  
  24  2:23  Refinery  
  24  2:28  SCV  
  25  2:40  SCV  
  26  2:52  Orbital Command  
  26  2:53  SCV  
  26  2:54  Starport  
  27  3:00  Widow Mine  
  27  3:04  Marine x2  
  27  3:05  SCV  
  32  3:11  Supply Depot  
  32  3:17  SCV  
  34  3:20  SCV  
  34  3:22  Marine x2, Widow Mine  
  38  3:29  SCV  
  38  3:31  Medivac  
  38  3:32  SCV  
  42  3:35  Barracks  
  42  3:39  Marine  
  42  3:41  SCV  
  44  3:44  SCV  
  44  3:46  Factory Tech Lab  
  44  3:47  Supply Depot  
  45  3:53  Marine, SCV  
  47  3:56  Barracks, SCV  
  47  3:58  Marine  
  49  4:05  SCV  
  49  4:08  SCV  
  50  4:10  Factory Tech Lab  
  50  4:12  Raven  
  50  4:15  Marine  
  50  4:16  Marine  
  54  4:17  Supply Depot, SCV  
  54  4:21  SCV  
  54  4:22  Engineering Bay  
  54  4:24  Refinery  
  56  4:29  SCV  
  57  4:33  SCV  
  57  4:35  Stimpack  
  57  4:36  Marauder  
  60  4:40  Marine x2  
  60  4:41  SCV  
  60  4:43  Refinery, Supply Depot  
  63  4:45  SCV  
  63  4:47  Terran Infantry Weapons Level 1  
  64  4:53  SCV  
  64  4:57  SCV  
  64  4:59  Marine x3, Starport Reactor  
  69  5:00  Marine  
  69  5:01  Combat Shield  
  69  5:06  SCV  
  71  5:08  Supply Depot x2  
  71  5:11  Factory Reactor  
  71  5:18  Marauder, SCV  
  71  5:21  Marine x2  
  74  5:22  Marauder  
  78  5:30  Supply Depot  
  78  5:34  Supply Depot  
  78  5:36  Medivac x2  
  78  5:42  Marauder, Marine x2  
  86  5:47  Marauder  
  88  5:54  Widow Mine x2  
  88  5:55  Supply Depot  
  92  5:57  Supply Depot  
  92  6:00  Marine x2  
  92  6:04  Marauder  
  96  6:08  Marauder  
  98  6:16  Medivac x2  
  98  6:17  Marine  
  103  6:20  Widow Mine x2  
  103  6:22  SCV x2  
  103  6:25  Marauder  
  111  6:37  SCV x2  
  111  6:39  Marine x2  
  114  6:40  Marauder  
  114  6:47  Marauder  
  110  6:49  SCV x2  
  112  6:55  Medivac  
  112  6:57  Marine  
  115  7:03  Marauder  
  117  7:12  Medivac  
  117  7:18  Bunker  
  115  7:23  Marine x3  
  115  7:24  Marine  
  100  7:40  SCV  
  100  7:41  Marine x2  
  100  7:42  Marauder, Marine  
Tags
 
Add a new tag
Caveats
  • Supply blocks, unpowered buildings, or Contaminate may cause inaccurate times.
  • Supply counts are checked every 10 seconds.